[Event "Late-Titled-Tuesday-Blitz-September-05-2023"]
[Site "Chess.com"]
[Date "2023.09.05"]
[Round "9"]
[White "EsmeraldasAnderson03"]
[Black "KejJaj"]
[Result "1-0"]
[WhiteElo "2420"]
[BlackElo "2224"]
[TimeControl "180+1"]
[EndTime "15:45:25 PDT"]
[Termination "EsmeraldasAnderson03 won by resignation"]

1. d4 f5 2. Bg5 Nh6 3. Bxh6 gxh6 4. e3 e6 5. Qh5+ Ke7 6. Nf3 d6 7. Nc3 Nd7 8. Bc4 Nf6 9. Qh4 Kd7 10. O-O-O c6 11. Bb3 Kc7 12. e4 fxe4 13. Nxe4 Nxe4 14. Qxe4 Qf6 15. Rhe1 Rg8 16. g3 Bd7 17. Bxe6 Re8 18.
d5 Bg7 19. Nd4 c5 20. Qf5 cxd4 21. Bxd7 Rxe1 22. Rxe1 d3 23. Qxf6 Bxf6 24. Be6 Rf8 25. cxd3 Bd4 26. f4 h5 27. Re4 Bf6 28. b3 h4 29. g4 h6 30. h3 Kb6 31. Kd2 Re8 32. a4 Re7 33. Rc4 a6 34. Ke3 Ka7 35. Ke4 Rg7 36. Kf5 Bb2 37. Rc8 Kb6 38. Rd8 Ka5 39. Rxd6 Kb4 40. Rd7 Kxb3 41. Rxg7 Kxa4 42.
Rxb7 a5 43. d6 Bc3 44. d7 1-0

[Event "Late-Titled-Tuesday-Blitz-September-05-2023"]
[Site "Chess.com"]
[Date "2023.09.05"]
[Round "9"]
[White "laskakid"]
[Black "jorquerino"]
[Result "0-1"]
[WhiteElo "2232"]
[BlackElo "2333"]
[TimeControl "180+1"]
[EndTime "15:45:27 PDT"]
[Termination "jorquerino won on time"]

1. d4 d5 2. c4 Bf5 3. cxd5 Bxb1 4. Rxb1 Qxd5 5. Nf3 Nc6 6. a3 O-O-O 7. Be3 e5 8. dxe5 Qe4 9. Qc1 Nxe5 10. Nxe5 Qxe5 11. Bf4 Qa5+ 12. b4 Qb6 13. g3 Bd6 14. Bh3+ Kb8 15.
Be3 Qb5 16. Bg2 h5 17. O-O h4 18. Rd1 hxg3 19. hxg3 Nf6 20. a4 Qh5 21. Bf4 Qxe2 22. Bxd6 Rxd6 23. Rxd6 cxd6 24. Qf4 Qe5 25. Qf3 d5 26. b5 Qh5 27. Qf4+ Ka8 28. a5 Qg6 29. Rc1 Qd3 30. Qc7 Rb8 31. a6 Qxb5 32. axb7+ Qxb7 33.
Qd6 Qb2 34. Rc7 Qb1+ 35. Bf1 Qb6 36. Qe7 Ne4 37. Qxf7 Rd8 0-1

[Event "Late-Titled-Tuesday-Blitz-September-05-2023"]
[Site "Chess.com"]
[Date "2023.09.05"]
[Round "9"]
[White "newyorkmouse"]
[Black "Jarming"]
[Result "0-1"]
[WhiteElo "2470"]
[BlackElo "2657"]
[TimeControl "180+1"]
[EndTime "15:45:28 PDT"]
[Termination "Jarming won on time"]

1. b3 b6 2. Bb2 Bb7 3. f4 d6 4. Nf3 Nd7 5. e3 Ngf6 6. Be2 g6 7. O-O Bg7 8. d3 e5 9. fxe5 Ng4 10. Qc1 Ngxe5 11.
Nbd2 O-O 12. e4 Bh6 13. h3 Nxf3+ 14. Bxf3 Ne5 15. Be2 Qh4 16. Qd1 f5 17. Nf3 Nxf3+ 18. Bxf3 fxe4 19. dxe4 Be3+ 20. Kh1 Qg3 21. Bg4 h5 22.
Bxh5 Rxf1+ 23. Qxf1 Bxe4 24. Bf3 Rf8 25. Qc4+ d5 26.
Qc3 d4 27. Qc4+ Kh7 28. Bxe4 Bf4 29. Kg1 Qe3+ 30. Kh1 Qg3 31. Kg1 Qe3+ 32. Kh1 Qxe4 33. Qxd4 Qxd4 34. Bxd4 Re8 35. Rf1 g5 36. g3 Bxg3 37.
Rf7+ Kg6 38. Rg7+ Kf5 39. Kg2 Bf4 40. Kf3 Re1 41. Rf7+ Ke6 42. Rg7 Rd1 43. Bb2 Rg1 0-1

[Event "Late-Titled-Tuesday-Blitz-September-05-2023"]
[Site "Chess.com"]
[Date "2023.09.05"]
[Round "9"]
[White "egnfanclub"]
[Black "in_shambles"]
[Result "1-0"]
[WhiteElo "2288"]
[BlackElo "2104"]
[TimeControl "180+1"]
[EndTime "15:45:29 PDT"]
[Termination "egnfanclub won by checkmate"]

1. e4 c5 2. Nc3 a6 3. f4 b5 4.
g3 Bb7 5. Bg2 Nc6 6. d3 g6 7. Nf3 Bg7 8. O-O d6 9. Qe2 Nf6 10. h3 O-O 11. g4 Nd7 12. Qf2 Nd4 13.
f5 Qb6 14. Nd5 Qd8 15. Qh4 e6 16. Ne7+ Kh8 17. fxg6 fxg6 18. Nxg6+ Kg8 19. Ne7+ Kh8 20. Bg5 Qe8 21. c3 Nxf3+ 22. Bxf3 Ne5 23. Be2 c4 24.
Rxf8+ Bxf8 25. Bf6+ Bg7 26. Bxg7+ Kxg7 27. Qg5+ Ng6 28.
Nxg6 hxg6 29. Rf1 Rb8 30. Qf6+ Kg8 31. h4 Bc6 32. h5 cxd3 33. h6 Rb7 34. Bxd3 b4 35. e5 Qe7 36. Qxg6+ Kh8 37. exd6 Qxd6 38. Qf6+ Kg8 39. h7+ Rxh7 40. Bxh7+ Kxh7 41. Qh4+ Kg7 42. Qg5+ Kh7 43. Rf7+ Kh8 44. Qg7# 1-0

[Event "Late-Titled-Tuesday-Blitz-September-05-2023"]
[Site "Chess.com"]
[Date "2023.09.05"]
[Round "9"]
[White "ketster"]
[Black "ameetghasi100"]
[Result "0-1"]
[WhiteElo "2537"]
[BlackElo "2689"]
[TimeControl "180+1"]
[EndTime "15:45:30 PDT"]
[Termination "ameetghasi100 won by checkmate"]

1. Nf3 g6 2. e4 Bg7 3. d4 d6 4.
Nc3 Nf6 5. Be3 O-O 6. Be2 a6 7.
a4 b6 8. O-O Bb7 9. Nd2 Nc6 10.
f4 e5 11. d5 Nd4 12. fxe5 dxe5 13. Bg5 h6 14. Bh4 c6 15. Nc4 g5 16. dxc6 Bxc6 17. Bg3 Nd7 18. Nd5 f5 19. Bd3 Bxd5 20. exd5 e4 21. Be2 f4 22. Bf2 e3 23. Be1 b5 24. Na5 Ne5 25. Bc3 Nxe2+ 26. Qxe2 Qxd5 27. Rfd1 Qe4 28. axb5 f3 29. gxf3 Nxf3+ 30. Kh1 Nh4+ 31. Kg1 Nf3+ 32. Kg2 Ne5+ 33. Kg1 Rf2 34. Qd3 Qg2# 0-1

[Event "Late-Titled-Tuesday-Blitz-September-05-2023"]
[Site "Chess.com"]
[Date "2023.09.05"]
[Round "9"]
[White "Keaton87"]
[Black "cassoulet"]
[Result "0-1"]
[WhiteElo "2623"]
[BlackElo "2746"]
[TimeControl "180+1"]
[EndTime "15:45:32 PDT"]
[Termination "cassoulet won on time"]

1. d4 Nf6 2. Bg5 g6 3. Bxf6 exf6 4. e3 Bg7 5. g3 O-O 6. Bg2 f5 7. Ne2 d5 8. O-O c6 9. Nd2 Nd7 10. c4 dxc4 11. Nxc4 Nf6 12. Rc1 Be6 13. b4 Bd5 14. a4 h5 15. Nf4 Bxg2 16. Kxg2 h4 17. Qf3 Ne4 18. Rfd1 Re8 19. Nd2 Qe7 20. Nxe4 fxe4 21.
Qg4 hxg3 22. hxg3 Qxb4 23. d5 Rad8 24. dxc6 bxc6 25. Rxc6 Qxa4 26. Rxd8 Qxc6 27. Rd5 Bh6 28. Ra5 Bxf4 29. gxf4 a6 30. f5 Kg7 31. Qg5 Qd6 32. f6+ Qxf6 33. Qxf6+ Kxf6 34. Rxa6+ Kg5 35. Ra5+ f5 36. Ra6 Rh8 37. Rb6 Rh6 38. Ra6 Kg4 39. Rf6 Kg5 40. Ra6 Rh8 41. Rb6 Rc8 42. Rd6 Rc2 43. Ra6 Rc1 44. Rb6 Kh5 45. Rb5 Kg4 46. Rb6 g5 47. Rb4 Rc2 48. Ra4 Kh5 49. Ra5 Kg6 50.
Ra6+ Kh5 51. Ra5 Kg4 52. Ra4 Rb2 53. Rc4 Re2 54. Ra4 Kh5 55. Ra5 Kg6 56. Ra6+ Kg7 57. Rb6 f4 58. exf4 gxf4 0-1

[Event "Late-Titled-Tuesday-Blitz-September-05-2023"]
[Site "Chess.com"]
[Date "2023.09.05"]
[Round "9"]
[White "reevecanada"]
[Black "IMGC"]
[Result "1/2-1/2"]
[WhiteElo "2534"]
[BlackElo "2429"]
[TimeControl "180+1"]
[EndTime "15:45:33 PDT"]
[Termination "Game drawn by repetition"]

1. e4 b6 2. Bc4 Bb7 3. Nf3 e6 4.
Nc3 d5 5. exd5 exd5 6. Bb5+ c6 7. Be2 d4 8. Ne4 c5 9. Bb5+ Nc6 10. Ne5 Qd5 11. Nxc6 Qxe4+ 12. Qe2 Qxe2+ 13. Kxe2 a6 14. Ba4 b5 15. Na5 O-O-O 16. Bb3 c4 17. Nxc4 bxc4 18. Bxc4 Bxg2 19. Bxa6+ Kc7 20. Rg1 Re8+ 21. Kd3 Be4+ 22. Kxd4 g6 23. Bd3 Bg7+ 24. Kc4 Bc6 25. c3 Nf6 26.
Kb3 Rd8 27. Kc2 Ne4 28. f3 Nc5 29. Be2 Rhe8 30. Bd1 Nd3 31. b3 Bh6 32. f4 Bxf4 33. Rf1 g5 34. Bh5 Nxc1 35. Raxc1 Rxd2+ 36. Kb1 Ree2 37. Bxe2 Be4+ 38. Ka1 Rxe2 39. Rce1 Rxe1+ 40. Rxe1 f5 41. Kb2 Bxh2 42. a4 Be5 43. b4 h5 44. a5 h4 45. a6 h3 46. a7 h2 47. Rxe4 h1=Q 48.
Rxe5 Kb7 49. Re7+ Ka8 50. Ka3 Qa1+ 51. Kb3 Qb1+ 52. Kc4 g4 53. Kc5 g3 54. Kc6 g2 55.
b5 g1=Q 56. Re8+ Kxa7 57. Re7+ Kb8 58. Re8+ Ka7 59. Re7+ Kb8 60. Re8+ Ka7 1/2-1/2

[Event "Late-Titled-Tuesday-Blitz-September-05-2023"]
[Site "Chess.com"]
[Date "2023.09.05"]
[Round "9"]
[White "FabianoCaruana"]
[Black "Firouzja2003"]
[Result "0-1"]
[WhiteElo "3090"]
[BlackElo "3140"]
[TimeControl "180+1"]
[EndTime "15:45:37 PDT"]
[Termination "Firouzja2003 won on time"]

1. e4 e5 2. Nf3 Nc6 3. Bb5 Nf6 4.
d3 Bc5 5. Bxc6 dxc6 6. Nbd2 Be6 7. O-O Bd6 8. Nb3 a5 9. Qe1 a4 10. Na5 Qb8 11. Bd2 h6 12. Bc3 Nd7 13. d4 f6 14. dxe5 fxe5 15. Nh4 O-O 16. Qe2 Rf4 17. Nf5 Bxf5 18. exf5 Rxf5 19. Rad1 Nf6 20. Nc4 Nd5 21.
Bxe5 Qe8 22. Rfe1 Qg6 23. Nxd6 cxd6 24. Bg3 Rf6 25. Rd4 b5 26. c4 bxc4 27. Qxc4 Re8 28. Rf1 Qf7 29. Qxc6 Ne7 30. Qxa4 Nf5 31. Rd2 h5 32. b3 Rg6 33. Qc4 Qxc4 34. bxc4 h4 35. Bf4 Re4 36. Be3 Rxc4 37. Re1 h3 38. Rde2 Rxg2+ 39. Kh1 Nh4 40. f3 Nxf3 0-1

[Event "Late-Titled-Tuesday-Blitz-September-05-2023"]
[Site "Chess.com"]
[Date "2023.09.05"]
[Round "9"]
[White "PotapovaM"]
[Black "geordie_derraugh"]
[Result "0-1"]
[WhiteElo "2645"]
[BlackElo "2514"]
[TimeControl "180+1"]
[EndTime "15:45:37 PDT"]
[Termination "geordie_derraugh won by resignation"]

1. e4 e5 2. Nf3 Nc6 3. Bb5 a6 4. Ba4 Nf6 5. O-O Be7 6. Re1 b5 7. Bb3 O-O 8. d3 d5 9. exd5 Nxd5 10.
Nxe5 Nxe5 11. Rxe5 c6 12. Re1 Bd6 13. Qf3 Qh4 14.
g3 Qh3 15. Nd2 Bg4 16. Qg2 Qh5 17. f3 Bc5+ 18. Kh1 Bh3 19. Qe2 Ne3 20. Ne4 Bg2+ 21.
Qxg2 Nxg2 22. Kxg2 Bb6 23. Bf4 Rad8 24. a4 b4 25. Re2 Bd4 26. c3 bxc3 27. bxc3 Ba7 28. d4 Bb8 29. Bxb8 Rxb8 30. Bc4 Qa5 31. h4 h6 32. g4 Kh8 33. g5 f5 34. Nd6 Qxc3 35.
Rd1 Rb2 36. Re1 Qxe1 37. Rxb2 Qxh4 38. Nf7+ Kh7 39. g6+ Kxg6 40. Ne5+ Kh7 41. Rb7 Qxd4 42. Nxc6 Qxc4 43. Ne7 Qf7 44. Kg3 Re8 45. Rd7 Rxe7 46. Rd1 Qg6+ 47. Kf2 Qh5 48. Rd2 Qh2+ 49. Kf1 Qxd2 0-1

[Event "Late-Titled-Tuesday-Blitz-September-05-2023"]
[Site "Chess.com"]
[Date "2023.09.05"]
[Round "9"]
[White "Francisco_Ferrari"]
[Black "Sjakkerntobi"]
[Result "0-1"]
[WhiteElo "2169"]
[BlackElo "2479"]
[TimeControl "180+1"]
[EndTime "15:45:37 PDT"]
[Termination "Sjakkerntobi won on time"]

1. Nf3 d5 2. c4 d4 3. g3 Nc6 4. Bg2 e5 5. O-O e4 6. Ne1 h5 7. Bxe4 h4 8. d3 Bh3 9. Bg2 Qd7 10.
Nf3 Bxg2 11. Kxg2 hxg3 12. fxg3 Qh3+ 13. Kg1 Ne5 14. Rf2 Nxf3+ 15. exf3 O-O-O 16. Bd2 Bd6 17. Qf1 Qf5 18. Na3 a6 19. b4 Nf6 20. c5 Be7 21. Nc4 Nd5 22. a4 Qh7 23. c6 b6 24.
b5 a5 25. Ne5 g5 26. Re1 Ne3 27. Rxe3 dxe3 28. Bxe3 Bd6 29. Nc4 Bxg3 30. Rg2 Bxh2+ 31. Kf2 Qh4+ 32. Ke2 Rhe8 33. Kd2 Bf4 34. Rg4 Bxe3+ 35. Nxe3 Qh2+ 36. Qg2 Qd6 37. Qf1 Qa3 38. Nc4 Qa2+ 39. Kc3 Re2 40. Qc1 Ree8 41. Re4 Rxe4 42. fxe4 Qf2 43. Qxg5 Qd4+ 0-1

[Event "Late-Titled-Tuesday-Blitz-September-05-2023"]
[Site "Chess.com"]
[Date "2023.09.05"]
[Round "9"]
[White "allvim"]
[Black "HajiyevKanan"]
[Result "0-1"]
[WhiteElo "2284"]
[BlackElo "2462"]
[TimeControl "180+1"]
[EndTime "15:45:37 PDT"]
[Termination "HajiyevKanan won by resignation"]

1. e4 c6 2. d4 d5 3. Nc3 a6 4. Nf3 Bg4 5. Be3 e6 6. h3 Bh5 7. Be2 Nf6 8. exd5 cxd5 9. Ne5 Bxe2 10. Qxe2 Nc6 11. Nxc6 bxc6 12. Qd3 Bb4 13. O-O O-O 14. Ne2 a5 15. c3 Bd6 16. Bf4 a4 17. b3 Ne4 18. c4 Qc7 19. Bxd6 Qxd6 20. c5 Qb8 21. Rfb1 a3 22. b4 e5 23. Rb3 f5 24.
Rab1 f4 25. f3 Nf6 26. dxe5 Qxe5 27. Nd4 Rfc8 28. Nf5 Rc7 29. Nd6 Rca7 30. b5 cxb5 31. Rxb5 g6 32. Rb8+ Rxb8 33. Rxb8+ Kg7 34. Kh2 Rc7 35. Qb5 Kh6 36. Qb6 Re7 37. Rf8 Qe6 38.
Qd8 d4 39. Nb5 Nd5 40. c6 d3 41. c7 Nxc7 42. Nxc7 Qd7 43. Qxd7 Rxd7 44. Rxf4 d2 45. Ne6 g5 46. Rg4 d1=Q 47. h4 Qd6+ 48. f4 Qxe6 49. fxg5+ Kh5 50. Kh3 Qxg4+ 51. Kh2 0-1

[Event "Late-Titled-Tuesday-Blitz-September-05-2023"]
[Site "Chess.com"]
[Date "2023.09.05"]
[Round "9"]
[White "Matibar"]
[Black "Taran2004"]
[Result "1-0"]
[WhiteElo "2867"]
[BlackElo "2427"]
[TimeControl "180+1"]
[EndTime "15:45:40 PDT"]
[Termination "Matibar won by resignation"]

1. c4 e5 2. Nc3 Nc6 3. e3 Nf6 4. a3 g6 5. b4 Bg7 6. Bb2 O-O 7. Nge2 d5 8. cxd5 Nxd5 9. Ng3 Be6 10. Be2 f5 11. O-O Qd7 12. Qc2 Rac8 13. Rac1 Nxc3 14. Bxc3 e4 15. Bxg7 Qxg7 16. d4 exd3 17. Bxd3 Ne5 18.
Rfd1 c6 19. Bf1 Rfd8 20. Ne2 Bd5 21. Nc3 Be6 22. Ne2 Qf7 23. Nf4 Bb3 24. Rxd8+ Rxd8 25. Qc5 Nd7 26. Qxa7 Nf6 27. Nd3 Bd5 28. Nc5 b5 29. Qxf7+ Kxf7 30. f3 Ra8 31. Rc3 Ke7 32.
Kf2 Kd6 33. h3 g5 34. Bd3 f4 35. e4 Be6 36. Nb7+ Ke7 37. Na5 Bd7 38. Rc5 h6 39. Ke2 Nh5 40. Kd2 Ng7 41. Nxc6+ Bxc6 42. Rxc6 Rxa3 43.
Bxb5 Rb3 44. Rc7+ Kf6 45. e5+ Kxe5 46. Rxg7 Rxb4 47. Bd3 Rb2+ 48. Bc2 Kf6 49. Rg6+ Kf7 50. Rxh6 1-0

[Event "Late-Titled-Tuesday-Blitz-September-05-2023"]
[Site "Chess.com"]
[Date "2023.09.05"]
[Round "9"]
[White "komogro"]
[Black "alexrustemov"]
[Result "0-1"]
[WhiteElo "2516"]
[BlackElo "2853"]
[TimeControl "180+1"]
[EndTime "15:45:40 PDT"]
[Termination "alexrustemov won on time"]

1. Nf3 d5 2. g3 c6 3. Bg2 Bf5 4.
c4 dxc4 5. O-O Nd7 6. Na3 Nb6 7. b3 cxb3 8. axb3 Nf6 9. Bb2 e6 10. d3 Be7 11. Nc4 O-O 12. Na5 Qc7 13. Be5 Qd7 14.
Qc2 Nfd5 15. Nd4 Bg6 16. Nf3 f6 17. Bb2 e5 18. Nd2 Nb4 19. Qc1 N6d5 20. Ne4 b6 21. Nc4 c5 22. h4 a5 23. Kh2 Rab8 24. Bh3 Bf5 25. Bg2 Rfd8 26. Ned2 Be6 27. h5 h6 28. Bf3 Nc6 29. e3 Ndb4 30. Qb1 Qxd3 31. Qxd3 Rxd3 32. Be4 Rd7 33. Rfd1 Rbd8 34. Bc3 Bg4 35. f3 Bxh5 36.
Nxb6 Rc7 37. Ndc4 Rxd1 38. Rxd1 Bf7 39. Ra1 Be6 40. g4 Kf7 41. Kg3 Ra7 42. Kf2 Ra6 43. Na4 g6 44. Rd1 Ra7 45. Rh1 Kg7 46. Bb1 Rd7 47.
Ke2 Nd5 48. Nab6 Nxc3+ 0-1

[Event "Late-Titled-Tuesday-Blitz-September-05-2023"]
[Site "Chess.com"]
[Date "2023.09.05"]
[Round "9"]
[White "Murad_Ibrahimli"]
[Black "KaydenTroffChess"]
[Result "0-1"]
[WhiteElo "2902"]
[BlackElo "2810"]
[TimeControl "180+1"]
[EndTime "15:45:41 PDT"]
[Termination "KaydenTroffChess won on time"]

1. d4 Nf6 2. c4 g6 3. Nc3 d5 4.
Nf3 Bg7 5. Qb3 dxc4 6. Qxc4 O-O 7. e4 a6 8. e5 b5 9. Qb3 Nfd7 10.
e6 fxe6 11. Be3 Nf6 12. Be2 Nc6 13. O-O Rb8 14. Rac1 Qd6 15. g3 Bb7 16. Rfd1 Nd5 17. Nxd5 exd5 18. a4 Na5 19. Qc3 Nc4 20. axb5 axb5 21.
b3 b4 22. Qd3 Nb2 23. Qc2 Nxd1 24. Bxd1 Rbc8 25. h4 c5 26. dxc5 Qd7 27. Ng5 d4 28. Bd2 Qd5 29. Qc4 Qxc4 30. Rxc4 Bd5 31. Rxb4 Rxc5 32. Rb6 Ra8 33. Kh2 Rc6 34. Rb5 Rd6 35. Bg4 Bc6 36. Rb6 Bd5 37. Rb5 Rad8 38.
Bb4 Rf6 39. f4 Bf8 40. Ba5 Bc6 41. Rc5 Rd5 0-1

[Event "Late-Titled-Tuesday-Blitz-September-05-2023"]
[Site "Chess.com"]
[Date "2023.09.05"]
[Round "9"]
[White "BillieKimbah"]
[Black "vladislavkovalev"]
[Result "1-0"]
[WhiteElo "3042"]
[BlackElo "2903"]
[TimeControl "180+1"]
[EndTime "15:45:42 PDT"]
[Termination "BillieKimbah won on time"]

1. d4 Nf6 2. Nf3 e6 3. Bg5 d5 4.
e3 h6 5. Bh4 c5 6. Nbd2 Nc6 7. c3 Be7 8. Bd3 b6 9. Ne5 Nxe5 10.
dxe5 Nd7 11. Bg3 Bb7 12. O-O Qc7 13. a4 c4 14. Bc2 Nxe5 15. e4 O-O-O 16. Qh5 Bd6 17.
a5 g6 18. Qe2 g5 19. axb6 axb6 20. Ra7 h5 21. exd5 exd5 22. Rfa1 Rde8 23. Qd1 h4 24. Bxe5 Bxe5 25. Nf3 f6 26. h3 Kb8 27. Bf5 Qc6 28.
Qb1 Re7 29. Qa2 Rd8 30. Qa3 Bd6 31. b4 Be5 32. b5 Qc5 33. Ra8+ Kc7 34. Qxc5+ bxc5 35. b6+ Kxb6 36. Rxd8 Bxc3 37. Rb1+ Bb4 38. Rd6+ Kc7 39.
Rxf6 Bc6 40. Nxg5 1-0

[Event "Late-Titled-Tuesday-Blitz-September-05-2023"]
[Site "Chess.com"]
[Date "2023.09.05"]
[Round "9"]
[White "willyam13"]
[Black "azikom"]
[Result "1-0"]
[WhiteElo "2501"]
[BlackElo "2634"]
[TimeControl "180+1"]
[EndTime "15:45:43 PDT"]
[Termination "willyam13 won by resignation"]

1. e4 c5 2. Nf3 e6 3. d4 cxd4 4. Nxd4 a6 5. Bd3 Nc6 6. Nxc6 bxc6 7. c4 Nf6 8. Nc3 d5 9. Qe2 Bb7 10. O-O Be7 11. Bf4 O-O 12. Rfd1 Qa5 13. e5 Nd7 14. Rac1 Rfc8 15. a3 Nf8 16. Bd2 Qd8 17. b4 a5 18.
c5 Ng6 19. g3 Rcb8 20. Rb1 Qc8 21. Na4 Ra7 22. Nb6 Qd8 23. h4 Nf8 24. h5 h6 25.
Qg4 Kh8 26. Qf3 Kg8 27. Rdc1 Ba6 28. Bxa6 Rxa6 29. bxa5 Ra7 30. Qd3 Bg5 31. f4 Be7 32.
Rb3 Nd7 33. Nxd7 Rxb3 34. Qxb3 Qxd7 35. Qb8+ Kh7 36. Bb4 f6 37. exf6 Bxf6 38. Re1 d4 39. Qd6 d3 40. Rxe6 Kg8 41. Qxd7 Rc7 42. Rd6 Rxd7 43.
Rxd7 1-0

[Event "Late-Titled-Tuesday-Blitz-September-05-2023"]
[Site "Chess.com"]
[Date "2023.09.05"]
[Round "9"]
[White "whiteglovethief"]
[Black "grzechu96"]
[Result "0-1"]
[WhiteElo "2510"]
[BlackElo "2675"]
[TimeControl "180+1"]
[EndTime "15:45:45 PDT"]
[Termination "grzechu96 won on time"]

1. d4 d5 2. c4 c6 3. Nf3 Nf6 4. g3 Bf5 5. Bg2 e6 6. O-O h6 7. b3 Be7 8. Ba3 O-O 9. Bxe7 Qxe7 10. Nbd2 Rd8 11. e3 a5 12. Qc1 Na6 13. a3 Bh7 14.
Qc3 Nb8 15. b4 axb4 16. Qxb4 Qxb4 17. axb4 Nbd7 18. c5 Bd3 19. Rfc1 Ne8 20. Nb3 Nc7 21. Na5 Ra7 22. Nd2 Rda8 23. e4 Na6 24. exd5 exd5 25.
Bh3 Nf8 26. Nab3 Nxb4 27. Rxa7 Rxa7 28. Re1 Bc4 29. Re7 Bxb3 30. Nxb3 Ra3 31. Nd2 Rd3 32. Rxb7 Rxd4 33. Nf3 Rd1+ 34. Kg2 Nd3 35. Rc7 Rc1 36. Rxc6 Rc2 37. Nd4 Rxf2+ 38. Kg1 Rd2 39. Rc8 Nxc5 40. Nf5 Ne6 41. Ne7+ Kh7 42. Bf5+ g6 43. Bh3 Kg7 0-1

[Event "Late-Titled-Tuesday-Blitz-September-05-2023"]
[Site "Chess.com"]
[Date "2023.09.05"]
[Round "9"]
[White "Eloist"]
[Black "rquery98"]
[Result "1-0"]
[WhiteElo "2480"]
[BlackElo "2650"]
[TimeControl "180+1"]
[EndTime "15:45:46 PDT"]
[Termination "Eloist won by checkmate"]

1. e4 e5 2. Bc4 Nf6 3. d3 c6 4.
Nf3 d5 5. Bb3 Bb4+ 6. Bd2 Bxd2+ 7. Nbxd2 Qd6 8. O-O O-O 9. d4 Nxe4 10. Nxe4 dxe4 11. Nxe5 Nd7 12. Nc4 Qg6 13. d5 cxd5 14. Qxd5 Nf6 15. Qd6 Bf5 16. Ne5 Qh5 17. Rad1 Rae8 18.
Rd4 Be6 19. f4 exf3 20. Nxf3 Bxb3 21. axb3 Re2 22. Rd2 Ne4 23. Qxf8+ Kxf8 24. Rxe2 Qc5+ 25. Kh1 Nf6 26. Ne5 Qd6 27. Nc4 Qc7 28. Rd1 g6 29. Nd6 Qd7 30. c4 Ng4 31. Rf1 f5 32. c5 Kg7 33. h3 Nf6 34. Rfe1 Kh6 35. Re7 Qc6 36. Nf7+ Kh5 37. R7e6 Qxc5 38. Rxf6 Qf2 39. Rg1 Qxb2 40. Rd6 Qxb3 41. Ne5 Qe3 42. Nf3 Qf4 43. Rd7 h6 44.
Rxb7 Qg3 45. Rh7 f4 46. Re1 a5 47. Re5+ g5 48. Re6 Qxg2+ 49. Kxg2 g4 50. Rhxh6# 1-0

[Event "Late-Titled-Tuesday-Blitz-September-05-2023"]
[Site "Chess.com"]
[Date "2023.09.05"]
[Round "9"]
[White "InadaC"]
[Black "OYAcosta"]
[Result "0-1"]
[WhiteElo "2141"]
[BlackElo "2271"]
[TimeControl "180+1"]
[EndTime "15:45:48 PDT"]
[Termination "OYAcosta won by checkmate"]

1. d4 d5 2. c4 c6 3. cxd5 cxd5 4. Bg5 Nc6 5. e3 Qb6 6. Qc1 Bf5 7. Nc3 Nb4 8. Bb5+ Kd8 9. Nf3 Nc2+ 10. Ke2 Rc8 11.
Ne5 Rxc3 12. Nxf7+ Kc8 13. bxc3 Qxb5+ 14. Kf3 Be4+ 15. Kg3 Nxa1 16. Qxa1 h6 17. Nxh8 hxg5 18. Nf7 Nh6 19. Nxh6 gxh6 20. f3 Bg6 21. Kf2 e6 22. a4 Qb3 23. Re1 Bd6 24. h3 Qc2+ 25. Re2 Bg3+ 26.
Kxg3 Qxe2 27. Qa3 Qe1+ 28. Kh2 Qb1 29. Qf8+ Kd7 30. Qxh6 Qf5 31. Qg7+ Qf7 32. Qh6 Qf6 33. a5 Kc6 34. e4 dxe4 35. fxe4 Qf4+ 36. Kg1 Qe3+ 37.
Kh2 Qxe4 38. Qxg5 Qf5 39. Qd8 Qf4+ 40. Kg1 Qc7 41. Qf6 Qf7 42. Qe5 Kd7 43. Qb8 Be4 44. Qe5 Qf5 45. Qg7+ Kc6 46. Qg3 Bd5 47. Kh2 Kb5 48. h4 Qc2 49. Qd6 Qf2 50. Qb4+ Kc6 51.
Qc5+ Kd7 52. Qxa7 Qxg2# 0-1

[Event "Late-Titled-Tuesday-Blitz-September-05-2023"]
[Site "Chess.com"]
[Date "2023.09.05"]
[Round "9"]
[White "PawnEatingZombie"]
[Black "FredddieCroderg"]
[Result "1/2-1/2"]
[WhiteElo "2105"]
[BlackElo "2292"]
[TimeControl "180+1"]
[EndTime "15:45:50 PDT"]
[Termination "Game drawn by repetition"]

1. e4 c5 2. c3 Nf6 3. e5 Nd5 4. d4 cxd4 5. cxd4 e6 6. Nf3 b6 7. Bc4 Bb7 8. Bxd5 Bxd5 9. Nc3 Bb7 10. O-O d6 11. d5 dxe5 12. Qa4+ Qd7 13. dxe6 Qxa4 14.
exf7+ Kxf7 15. Ng5+ Kg6 16. Nxa4 h6 17. Ne6 Na6 18. f4 exf4 19. Bxf4 Bc5+ 20. Naxc5 Nxc5 21. Nxc5 bxc5 22. Be5 Rhe8 23. Rae1 Re6 24. Bc3 Rae8 25. Rxe6+ Rxe6 26. Rf2 Bd5 27. a3 Bc4 28. h3 Rd6 29. Kh2 Re6 30. Rd2 Re7 31. Rd6+ Kh7 32. Rc6 Bf1 33.
Kg1 Bd3 34. Rxc5 Rf7 35. Ra5 a6 36. Rd5 Bc4 37. Rd2 Rf1+ 38. Kh2 Rf7 39. Rd4 Be2 40.
Re4 Bd3 41. Rg4 Bb5 42. h4 g6 43. Rd4 Rd7 44. Rxd7+ Bxd7 45. Kg3 Kg8 46. Kf4 Kf7 47. Ke5 h5 48. b4 Bc6 49. Kd6 Bxg2 50. Kc5 Ke6 51.
a4 Kf5 52. b5 axb5 53. axb5 Kg4 54. Bf6 Kf5 55. Bg5 Ke6 56. Kb6 Kd7 57. Ka7 Kc8 58. b6 Bf3 59. Bf6 Be4 60. Bg5 Bd5 61. Bf6 Bb7 62. Bg5 Bc6 63. Bf6 Bd5 64. Bg5 Be4 65. Bf6 Bf3 66. Bg5 Bg2 67. Bf6 Bh1 68. Bg5 Bg2 69. Bf6 Bb7 70. Bg5 Bc6 71. Bf6 Bb7 1/2-1/2

[Event "Late-Titled-Tuesday-Blitz-September-05-2023"]
[Site "Chess.com"]
[Date "2023.09.05"]
[Round "9"]
[White "Durarbayli"]
[Black "jk13"]
[Result "0-1"]
[WhiteElo "2874"]
[BlackElo "2703"]
[TimeControl "180+1"]
[EndTime "15:45:51 PDT"]
[Termination "jk13 won on time"]

1. e4 e5 2. Nf3 Nc6 3. Bb5 a6 4.
Ba4 Nf6 5. O-O b5 6. Bb3 Bc5 7.
Nc3 d6 8. d3 h6 9. Nd5 O-O 10.
Nxf6+ Qxf6 11. Bd5 Bd7 12. c3 Bb6 13. Be3 Rab8 14.
Bxb6 Rxb6 15. b4 Ne7 16. Bb3 Bg4 17. Re1 Ng6 18. Re3 Nh4 19. Kf1 Bxf3 20. gxf3 Qg5 21. Ke2 Ng2 22. Qh1 Nxe3 23. Rg1 Ng2 24. Rxg2 Qf6 25. Qg1 Kh7 26. h4 c6 27. h5 Rb7 28.
Rg4 Rd7 29. Qg3 d5 30. Kf1 Rfd8 31. d4 dxe4 32. fxe4 Re8 33. dxe5 Qxe5 34. Qf3 f6 35. Rg3 Rd2 36. Qg4 Re7 37. Qc8 Re8 38. Qg4 Qg5 39.
Qf3 Qh4 40. Bf7 Re5 41. Bg6+ Kh8 42. Bf5 Qh2 43. Ke1 Rxa2 44. Bh3 Rg5 45. Bg4 Rxg4 46. Rxg4 Qxh5 47. Qg3 Qe5 0-1

[Event "Late-Titled-Tuesday-Blitz-September-05-2023"]
[Site "Chess.com"]
[Date "2023.09.05"]
[Round "9"]
[White "jamengrand"]
[Black "DawidCzerw"]
[Result "1-0"]
[WhiteElo "2381"]
[BlackElo "2487"]
[TimeControl "180+1"]
[EndTime "15:45:53 PDT"]
[Termination "jamengrand won on time"]

1. e4 c5 2. Nf3 Nc6 3. d4 cxd4 4. Nxd4 g6 5. c4 Nf6 6. Nc3 d6 7. f3 Nxd4 8. Qxd4 Bg7 9. Be3 O-O 10. Qd2 Be6 11. O-O-O a6 12. Kb1 b5 13. cxb5 axb5 14. Nd5 Bxd5 15. exd5 Nd7 16. Bxb5 Nc5 17. Bc6 Rb8 18.
Bd4 Bxd4 19. Qxd4 Qb6 20. Rhe1 e5 21. dxe6 Qxc6 22. exf7+ Rxf7 23. Qxd6 Qb5 24. Rd2 Na4 25.
Qe5 Qb4 26. Ka1 Nc5 27. Qd4 Qa5 28. Kb1 Ra8 29. b4 Rb7 30. Rb2 Qa4 31. Qxc5 Rab8 32. Qd5+ Kh8 33. Qd4+ Kg8 34. Re4 Qc6 35. Qc4+ Qxc4 36.
Rxc4 Re8 37. a4 Re1+ 38. Rc1 Re3 39. Ka2 Kf7 40. b5 Ke6 41. Rcc2 Rd3 42. Rb3 Rd4 43.
Ka3 Ra7 44. Rb4 Rd3+ 45. Kb2 Rd1 46. b6 Rb7 47. a5 Rd6 48. Rc3 1-0

[Event "Late-Titled-Tuesday-Blitz-September-05-2023"]
[Site "Chess.com"]
[Date "2023.09.05"]
[Round "9"]
[White "DvaHrasta"]
[Black "KATPAH"]
[Result "1-0"]
[WhiteElo "2522"]
[BlackElo "2659"]
[TimeControl "180+1"]
[EndTime "15:45:54 PDT"]
[Termination "DvaHrasta won by checkmate"]

1. c4 e5 2. g3 d5 3. cxd5 Nf6 4. Bg2 c6 5. dxc6 Nxc6 6. Nc3 Bf5 7. d3 Bb4 8. Bd2 O-O 9. Nf3 Qe7 10. O-O Rad8 11.
Qb3 Nd4 12. Nxd4 exd4 13. Ne4 Bxd2 14. Nxd2 Qxe2 15. Ne4 Bxe4 16. dxe4 d3 17. Rfe1 Qh5 18. h3 b6 19. e5 Ne8 20. g4 Qg5 21. Rad1 d2 22.
Re2 Nc7 23. Qc2 Ne6 24. Rexd2 Rxd2 25. Qxd2 Qxe5 26. b3 Nf4 27. Qe3 Qf6 28. Rd7 h5 29. Rxa7 hxg4 30. hxg4 Rd8 31. Ra8 Rxa8 32. Bxa8 Ne6 33.
Qxb6 Qf4 34. f3 Ng5 35. Kf2 Ne4+ 36. Bxe4 Qh2+ 37. Ke1 Qg3+ 38. Kd1 g6 39. a4 Qe5 40.
a5 Qa1+ 41. Kc2 Qa2+ 42. Kc3 Qa1+ 43. Kb4 Qe1+ 44. Kb5 Qe2+ 45. Kc6 Qb2 46. a6 Qf6+ 47.
Kb7 Qe7+ 48. Ka8 Kh7 49. a7 Qe8+ 50. Kb7 Qe7+ 51. Kb8 Qe8+ 52. Kc7 Qe7+ 53. Kc6 Qe6+ 54. Kc5 Qe5+ 55. Kc4 Qa1 56. a8=Q Qc1+ 57. Kb5 Qf1+ 58. Kc6 Qc1+ 59. Kd7 Qd2+ 60. Qd5 Qf4 61. Ke7 Qc1 62. Qxf7+ Kh6 63. Qbxg6# 1-0